BSA
SAN FRANCISCO BANDITS @ NEW ORLEANS LOOTERS
07/31/2027
 
TOP OF THE 1ST
San Francisco Bandits batting - Pitching for New Orleans Looters : RHP Marty Bradford
Pitching: RHP Marty Bradford
Batting: RHB Javier Ramírez 0-0: Ball
1-0: Ball
2-0: Ball
3-0: Base on Balls
Batting: LHB Jerry Bryan 0-0: Ball
1-0: Foul Ball, location: 2F
1-1: Foul Ball, location: 2F
1-2: Foul Ball, location: 2F
1-2: Ball
2-2: Fly out, F6 (Line Drive, 6)
Batting: RHB Cory Foster 0-0: SINGLE (Line Drive, 8RS)
Javier Ramírez to second
Batting: RHB Naomichi Aoki 0-0: Ball
1-0: Called Strike
1-1: Swinging Strike
1-2: Ball
2-2: Ball
3-2: Base on Balls
Javier Ramírez to third
Cory Foster to second
Batting: LHB Jack Hewat 0-0: Foul Ball, location: 2F
0-1: Ball
1-1: Called Strike
1-2: Strikes out swinging
Batting: RHB Ramón Ruíz 0-0: Called Strike
0-1: Fly out, F7 (Flyball, 7LM)
Top of the 1st over - 0 run(s), 1 hit(s), 0 error(s), 3 left on base; San Francisco 0 - New Orleans 0
BOTTOM OF THE 1ST
New Orleans Looters batting - Pitching for San Francisco Bandits : RHP Mabuchi Yoshida
Pitching: RHP Mabuchi Yoshida
Batting: SHB Nate Rhodes 0-0: Bunted foul
0-1: Called Strike
0-2: Ball
1-2: Ball
2-2: Ball
3-2: Base on Balls
Batting: RHB Dave O'Loan 0-0: Ball
1-0: Ball
2-0: Called Strike
2-1: Ball
3-1: Foul Ball, location: 2F
3-2: SINGLE (Groundball, 6D)
Nate Rhodes to second
Batting: LHB Seung-chun Mun 0-0: Ball
1-0: Ball
2-0: Ball
3-0: Base on Balls
Nate Rhodes to third
Dave O'Loan to second
Batting: LHB Taylor Smith 0-0: Ball
1-0: Called Strike
1-1: Called Strike
1-2: Foul Ball, location: 2F
1-2: Ball
2-2: SINGLE (Line Drive, 89S)
Nate Rhodes scores
Dave O'Loan to third
Seung-chun Mun to second
Runner from 3rd tries for Home, SAFE, no throw
Batting: SHB Oliver Deleón 0-0: Foul Ball, location: 2F
0-1: Grounds into TRIPLE play, U5-4
0-1: Grounds into TRIPLE play, U5-4 (Groundball, 5L)
Bottom of the 1st over - 2 run(s), 2 hit(s), 0 error(s), 0 left on base; San Francisco 0 - New Orleans 2
TOP OF THE 2ND
San Francisco Bandits batting - Pitching for New Orleans Looters : RHP Marty Bradford
Batting: LHB Mel Jones 0-0: Called Strike
0-1: Ball
1-1: Ground out 4-3 (Groundball, 4M)
Batting: RHB José Sánchez 0-0: Foul Ball, location: 2F
0-1: Ball
1-1: Ball
2-1: Swinging Strike
2-2: Ball
3-2: Strikes out swinging
Batting: RHB Miguel Mendoza 0-0: Ground out 6-3 (Groundball, 6M)
Top of the 2nd over - 0 run(s), 0 hit(s), 0 error(s), 0 left on base; San Francisco 0 - New Orleans 2
BOTTOM OF THE 2ND
New Orleans Looters batting - Pitching for San Francisco Bandits : RHP Mabuchi Yoshida
Batting: RHB Rubén Vázquez 0-0: Foul Ball, location: 2F
0-1: Swinging Strike
0-2: Ball
1-2: Ball
2-2: Ball
3-2: Fly out, F9 (Flyball, 9D)
Batting: RHB John Anderson 0-0: Ground out 2-3 (Groundball, 2R)
Batting: RHB José Mora 0-0: Called Strike
0-1: Fly out, F7 (Line Drive, 7)
Bottom of the 2nd over - 0 run(s), 0 hit(s), 0 error(s), 0 left on base; San Francisco 0 - New Orleans 2
TOP OF THE 3RD
San Francisco Bandits batting - Pitching for New Orleans Looters : RHP Marty Bradford
Batting: RHB Javier Ramírez 0-0: Called Strike
0-1: Ball
1-1: Foul Ball, location: 2F
1-2: Strikes out looking
Batting: LHB Jerry Bryan 0-0: SOLO HOME RUN (Flyball, 9D), Distance : 375 ft
Batting: RHB Cory Foster 0-0: Called Strike
0-1: Swinging Strike
0-2: Ball
1-2: Foul Ball, location: 2F
1-2: Ball
2-2: Strikes out swinging
Batting: RHB Naomichi Aoki 0-0: Called Strike
0-1: Called Strike
0-2: Fly out, F9 (Flyball, 89S)
Top of the 3rd over - 1 run(s), 1 hit(s), 0 error(s), 0 left on base; San Francisco 1 - New Orleans 2
BOTTOM OF THE 3RD
New Orleans Looters batting - Pitching for San Francisco Bandits : RHP Mabuchi Yoshida
Batting: RHB Rich Ruffin 0-0: Swinging Strike
0-1: Ball
1-1: Called Strike
1-2: Strikes out swinging
Batting: SHB Nate Rhodes 0-0: Ball
1-0: Ball
2-0: Ball
3-0: Fly out, F7 (Flyball, 7LS)
Batting: RHB Dave O'Loan 0-0: Ball
1-0: Fly out, F7 (Flyball, 78D)
Bottom of the 3rd over - 0 run(s), 0 hit(s), 0 error(s), 0 left on base; San Francisco 1 - New Orleans 2
TOP OF THE 4TH
San Francisco Bandits batting - Pitching for New Orleans Looters : RHP Marty Bradford
Batting: LHB Jack Hewat 0-0: Ball
1-0: Swinging Strike
1-1: Ball
2-1: Foul Ball, location: 2F
2-2: Foul Ball, location: 2F
2-2: SINGLE (Groundball, 34D)
Batting: RHB Ramón Ruíz 0-0: Fly out, F8 (Flyball, 8LS)
Batting: LHB Mel Jones 0-0: SINGLE (Groundball, 4D)
Jack Hewat to second
Runner from 2nd tries for 3rd, SAFE, no throw
Batting: RHB José Sánchez 0-0: Fly out, F8 (Flyball, 8RM)
Batting: RHB Miguel Mendoza 0-0: Called Strike
0-1: Ball
1-1: Fielders Choice at 2nd, 5-4 (Groundball, 56)
Top of the 4th over - 0 run(s), 2 hit(s), 0 error(s), 1 left on base; San Francisco 1 - New Orleans 2
BOTTOM OF THE 4TH
New Orleans Looters batting - Pitching for San Francisco Bandits : RHP Mabuchi Yoshida
Batting: LHB Seung-chun Mun 0-0: Ball
1-0: Ball
2-0: Ball
3-0: Base on Balls
Batting: LHB Taylor Smith 0-0: Ball
1-0: Called Strike
1-1: Foul Ball, location: 2F
1-2: Ball
2-2: Reached on error, E9 (Flyball, 89D)
Seung-chun Mun to third
Batting: SHB Oliver Deleón 0-0: Called Strike
0-1: Ball
1-1: Ball
2-1: Fly out, F8 (Flyball, 8LS)
Batting: RHB Rubén Vázquez 0-0: Called Strike
0-1: Ball
1-1: Foul Ball, location: 2F
1-2: Ball
2-2: SINGLE (Flyball, 9LS)
Seung-chun Mun scores
Taylor Smith to third
Runner from 3rd tries for Home, SAFE, throw made home
Rubén Vázquez to second
Batting: RHB John Anderson 0-0: SINGLE (Groundball, 4D)
Rubén Vázquez to third
Runner from 3rd tries for Home, SAFE, no throw
Batting: RHB José Mora 0-0: Ball
1-0: Called Strike
1-1: Ball
2-1: Swinging Strike
2-2: Grounds into double play, 4-6-3 (Groundball, 4)
Bottom of the 4th over - 3 run(s), 2 hit(s), 1 error(s), 0 left on base; San Francisco 1 - New Orleans 5
TOP OF THE 5TH
San Francisco Bandits batting - Pitching for New Orleans Looters : RHP Marty Bradford
Batting: RHB Javier Ramírez 0-0: Foul Ball, location: 2F
0-1: Ball
1-1: Swinging Strike
1-2: Fly out, F7 (Flyball, 7D)
Batting: LHB Jerry Bryan 0-0: Called Strike
0-1: Fly out, F7 (Flyball, 7D)
Batting: RHB Cory Foster 0-0: Called Strike
0-1: Ball
1-1: Ball
2-1: Foul Ball, location: 2F
2-2: Strikes out swinging
Top of the 5th over - 0 run(s), 0 hit(s), 0 error(s), 0 left on base; San Francisco 1 - New Orleans 5
BOTTOM OF THE 5TH
New Orleans Looters batting - Pitching for San Francisco Bandits : RHP Mabuchi Yoshida
Batting: RHB Rich Ruffin 0-0: Ball
1-0: Called Strike
1-1: Fly out, F9 (Flyball, 9S)
Batting: SHB Nate Rhodes 0-0: Swinging Strike
0-1: Called Strike
0-2: Fly out, F5 (Line Drive, 56)
Batting: RHB Dave O'Loan 0-0: Ball
1-0: Foul Ball, location: 2F
1-1: Ball
2-1: Ball
3-1: Base on Balls
Batting: LHB Seung-chun Mun 0-0: Ball
1-0: Fly out, F7 (Line Drive, 7)
Bottom of the 5th over - 0 run(s), 0 hit(s), 0 error(s), 1 left on base; San Francisco 1 - New Orleans 5
TOP OF THE 6TH
San Francisco Bandits batting - Pitching for New Orleans Looters : RHP Marty Bradford
Batting: RHB Naomichi Aoki 0-0: Ball
1-0: Ball
2-0: Ball
3-0: Called Strike
3-1: Swinging Strike
3-2: Ground out 1-3 (Groundball, P)
Batting: LHB Jack Hewat 0-0: Foul Ball, location: 2F
0-1: Called Strike
0-2: Ball
1-2: Foul Ball, location: 2F
1-2: Foul Ball, location: 2F
1-2: Ball
2-2: Ball
3-2: Base on Balls
Batting: RHB Ramón Ruíz 0-0: SINGLE (Groundball, 6MD)
Jack Hewat to second
Runner from 2nd tries for 3rd, SAFE, throw made to third
Batting: LHB Mel Jones 0-0: Ball
1-0: Ball
2-0: SINGLE (Flyball, 78S)
Jack Hewat scores
Ramón Ruíz to second
Batting: RHB José Sánchez 0-0: Foul Ball, location: 2F
0-1: Grounds into double play, 6-4-3 (Groundball, 6)
Top of the 6th over - 1 run(s), 2 hit(s), 0 error(s), 1 left on base; San Francisco 2 - New Orleans 5
BOTTOM OF THE 6TH
New Orleans Looters batting - Pitching for San Francisco Bandits : RHP Mabuchi Yoshida
Batting: LHB Taylor Smith 0-0: Ball
1-0: Ball
2-0: Ground out 3-1 (Groundball, 34S)
Batting: SHB Oliver Deleón 0-0: Called Strike
0-1: Foul Ball, location: 2F
0-2: SINGLE (Groundball, 34D)
Batting: RHB Rubén Vázquez 0-0: Ball
1-0: Foul Ball, location: 2F
1-1: Ball
2-1: Fly out, F8 (Flyball, 8LM)
Batting: RHB John Anderson 0-0: Ball
1-0: Swinging Strike
1-1: Called Strike
1-2: Ball
2-2: Ball
3-2: Ground out 5-3 (Groundball, 56S)
Bottom of the 6th over - 0 run(s), 1 hit(s), 0 error(s), 1 left on base; San Francisco 2 - New Orleans 5
TOP OF THE 7TH
San Francisco Bandits batting - Pitching for New Orleans Looters : RHP Marty Bradford
Pitching: RHP Ienobu Sato
Batting: RHB Miguel Mendoza 0-0: Ground out 4-3 (Groundball, 4)
Batting: RHB Javier Ramírez 0-0: Ball
1-0: Foul Ball, location: 2F
1-1: Swinging Strike
1-2: SINGLE (Groundball, 6MD)
Batting: LHB Jerry Bryan 0-0: Ball
1-0: Ball
2-0: Foul Ball, location: 2F
2-1: Called Strike
2-2: Ball
3-2: Foul Ball, location: 2F
3-2: Strikes out swinging
Batting: RHB Cory Foster 0-0: Called Strike
0-1: Ball
1-1: Ball
2-1: Swinging Strike
2-2: Foul Ball, location: 2F
2-2: SINGLE (Flyball, 34D)
Javier Ramírez to second
Javier Ramírez to third
Batting: RHB Naomichi Aoki 0-0: Ball
1-0: Foul Ball, location: 2F
1-1: Ball
2-1: Foul Ball, location: 2F
2-2: Foul Ball, location: 2F
2-2: Foul Ball, location: 2F
2-2: Ball
3-2: Foul Ball, location: 2F
3-2: Foul Ball, location: 2F
3-2: Foul Ball, location: 2F
3-2: Foul Ball, location: 2F
3-2: Ground out 6-3 (Groundball, 6S)
Top of the 7th over - 0 run(s), 2 hit(s), 0 error(s), 2 left on base; San Francisco 2 - New Orleans 5
BOTTOM OF THE 7TH
New Orleans Looters batting - Pitching for San Francisco Bandits : RHP Mabuchi Yoshida
Batting: RHB José Mora 0-0: Ground out 6-3 (Groundball, 6)
Batting: RHB Rich Ruffin 0-0: Ball
1-0: Ball
2-0: Called Strike
2-1: Fly out, F4 (Flyball, 34D)
Batting: SHB Nate Rhodes 0-0: Called Strike
0-1: Swinging Strike
0-2: Ball
1-2: Strikes out looking
Bottom of the 7th over - 0 run(s), 0 hit(s), 0 error(s), 0 left on base; San Francisco 2 - New Orleans 5
TOP OF THE 8TH
San Francisco Bandits batting - Pitching for New Orleans Looters : RHP Ienobu Sato
Batting: LHB Jack Hewat 0-0: Foul Ball, location: 2F
0-1: Ball
1-1: Ball
2-1: Ground out 5-3 (Groundball, 56)
Batting: RHB Ramón Ruíz 0-0: Hit by Pitch
Pitching: RHP Juan Flores
Batting: LHB Mel Jones 0-0: SINGLE (Line Drive, 89M)
Ramón Ruíz to second
Runner from 2nd tries for 3rd, SAFE, throw made to third
Batting: RHB José Sánchez 0-0: Ball
1-0: Called Strike
1-1: Ball
2-1: Foul Ball, location: 2F
2-2: Ball
3-2: Strikes out swinging
Mel Jones steals 2nd base
Batter strikes out.
Batting: RHB Miguel Mendoza 0-0: Foul Ball, location: 2F
0-1: Swinging Strike
0-2: Ball
1-2: Ball
2-2: Foul Ball, location: 2F
2-2: Ball
3-2: Foul Ball, location: 2F
3-2: Strikes out swinging
Top of the 8th over - 0 run(s), 1 hit(s), 0 error(s), 2 left on base; San Francisco 2 - New Orleans 5
BOTTOM OF THE 8TH
New Orleans Looters batting - Pitching for San Francisco Bandits : RHP Mabuchi Yoshida
Batting: RHB Dave O'Loan 0-0: Called Strike
0-1: Foul Ball, location: 2F
0-2: Ball
1-2: Ball
2-2: Fly out, F9 (Flyball, 9S)
Batting: LHB Seung-chun Mun 0-0: Swinging Strike
0-1: Foul Ball, location: 2F
0-2: Ball
1-2: Foul Ball, location: 2F
1-2: Strikes out swinging
Batting: LHB Taylor Smith 0-0: Ball
1-0: Fly out, F9 (Line Drive, 9)
Bottom of the 8th over - 0 run(s), 0 hit(s), 0 error(s), 0 left on base; San Francisco 2 - New Orleans 5
TOP OF THE 9TH
San Francisco Bandits batting - Pitching for New Orleans Looters : RHP Juan Flores
Pitching: LHP Juan Méndez
Batting: RHB Javier Ramírez 0-0: Foul Ball, location: 2F
0-1: Foul Ball, location: 2F
0-2: Foul Ball, location: 2F
0-2: Ball
1-2: Ball
2-2: Ball
3-2: SINGLE (Line Drive, 9LM)
Batting: LHB Jerry Bryan 0-0: Called Strike
0-1: Called Strike
0-2: Ball
1-2: Strikes out looking
Batting: RHB Cory Foster 0-0: Ball
1-0: Foul Ball, location: 2F
1-1: Ball
2-1: Foul Ball, location: 2F
2-2: Ball
3-2: Base on Balls
Javier Ramírez to second
Batting: RHB Naomichi Aoki 0-0: Foul Ball, location: 2F
0-1: Ball
1-1: Swinging Strike
1-2: Ball
2-2: Grounds into double play, 6-4-3 (Groundball, 6)
Top of the 9th over - 0 run(s), 1 hit(s), 0 error(s), 1 left on base; San Francisco 2 - New Orleans 5
Thursday, March 30th, 2017 - OOTP Baseball 17.12 Build 75